AoeStats
← Knacks26

Socotra

506854271Analyzed
3v3 RM · 16d ago on Sep 15, 2026· 24m 32s· 6 players
Game mode
Random Map
Map size
128×128
Population
200
Speed
Normal
Resources
Standard
Victory
Conquest
Starting age
Dark Age
Ending age
Imperial Age
RankedLock teamsTeams togetherTeam positionsShared explorationLock speedFull tech treeHidden civsTurbo modeCheats
Victory
Defeat
🇮🇹 Gurjaras · Italy
688
+14
🇹🇷 Cumans · Türkiye
687
+14
🇲🇦 Dravidians · Morocco
646
+16
🇹🇼 Britons · Taiwan
679
-16
🇦🇷 Japanese · Argentina
665
-16
🇫🇷 Romans · France
588
-12
KTI_CesaRooR1312
0:34 Loom
12:59 Feudal Age
14:17 Double-Bit Axe
17:42 Wheelbarrow
16:58 Horse Collar
22:30 Castle Age
22:39 Forging
22:35 Scale Barding Armor
22:43 Gold Mining
22:46 Stone Mining
23:22 Bloodlines
amrani.amrani
0:34 Loom
10:02 Feudal Age
14:41 Man-at-Arms
15:44 Town Watch
19:18 Wheelbarrow
19:29 Double-Bit Axe
19:28 Horse Collar
21:05 Wheelbarrow
27:12 Castle Age
Oguz CareVia
2:15 Loom
13:59 Feudal Age
14:43 Double-Bit Axe
15:20 Man-at-Arms
16:33 Arson
Knacks26
0:40 Loom
12:17 Feudal Age
13:59 Wheelbarrow
13:23 Double-Bit Axe
13:35 Horse Collar
18:57 Gold Mining
19:21 Man-at-Arms
22:36 Forging
22:32 Scale Barding Armor
jp1363
5:35 Loom
10:39 Feudal Age
11:30 Horse Collar
12:13 Double-Bit Axe
14:44 Arson
16:06 Gold Mining
16:57 Man-at-Arms
19:39 Wheelbarrow
24:01 Castle Age
22:19 Stone Mining
22:08 Man-at-Arms
24:28 Forging
nachoandy10000
8:00 Loom
17:05 Feudal Age
17:28 Horse Collar
17:41 Stone Mining
17:31 Man-at-Arms
18:33 Arson
19:56 Double-Bit Axe
Connection lost

Rejoining the realm…

Still unreachable

The connection could not be restored.

Session expired

The server has moved on; the page needs a fresh start.